 Dungeon Crawl Stone Soup version 0.15.0-18-g9076a4f (console) character file.

98 gw the Skirmisher (level 4, -5/40 HPs)
             Began as a Draconian Fighter on Sept 6, 2014.
             Slain by a worm (9 damage)
             ... on Level 2 of the Dungeon.
             The game lasted 00:01:35 (2161 turns).

gw the Skirmisher (Draconian Fighter)               Turns: 2161, Time: 00:01:35

HP  -5/40        AC  7     Str 18      XL: 4   Next: 43%
MP   4/4         EV 13     Int  9      God:
Gold 0           SH  0     Dex 11      Spells:  0 memorised,  3 levels left

rFire  . . .     SeeInvis .     a - +1 long sword
rCold  . . .     Clarity  .     (armour unavailable)
rNeg   . . .     rCorr    .     (no shield)
rPois  .         rRot     .     (helmet restricted)
rElec  .         Spirit   .     (no cloak)
SustAb .         Warding  .     b - +0 pair of gloves
rMut   .         Stasis   .     d - +0 pair of boots
Gourm  .                        (no amulet)
MR     .....                    (no ring)
                                (no ring)

@: not resistant to hostile enchantments, very unstealthy
A: unfitting armour, cold-blooded, AC +5
a: no special abilities


You were on level 2 of the Dungeon.
You were not hungry.

You visited 1 branch of the dungeon, and saw 2 of its levels.

Inventory:

Hand weapons
 a - a +1 long sword (weapon)
Missiles
 o - 14 stones (quivered)
Armour
 b - a +0 pair of gloves (worn)
 d - a +0 pair of boots (worn)
Comestibles
 f - 4 bread rations
 g - a beef jerky
 h - 2 meat rations
Scrolls
 c - 3 scrolls of identify {unknown}
 j - 2 scrolls of teleportation {unknown}
 k - a scroll of immolation {unknown}
Potions
 e - a potion of brilliance
 i - 2 potions of heal wounds {unknown}
 l - a potion of restore abilities {unknown}
 m - a potion of agility {unknown}


   Skills:
 + Level 3.8 Fighting
 * Level 3.4 Long Blades
 + Level 1.5 Throwing
 + Level 3.1 Dodging
   Level 3.0 Shields


You had 3 spell levels left.
You didn't know any spells.

Dungeon Overview and Level Annotations

Branches:
Dungeon (2/15)

Altars:


Innate Abilities, Weirdness & Mutations

Your plain brown scales are hard (AC +5).
Your body does not fit into most forms of armour.
Your cold-blooded metabolism reacts poorly to cold.


Message History

You hit the worm.
The worm is moderately wounded.
The worm bites you!
KIIIITING; ATTACKING (0,1)
You hit the worm.
You tail-slap the worm, but do no damage.
The worm is heavily wounded.
KIIIITING; ATTACKING (0,1)
You completely miss the worm.
The worm is heavily wounded.
The worm bites you!
KIIIITING; ATTACKING (0,1)
You barely miss the worm.
The worm is heavily wounded.
The worm bites you!
KIIIITING; ATTACKING (0,1)
You completely miss the worm.
The worm is heavily wounded.
The worm bites you!
You die...

#..## #..# ###.###
##### #..##
###...###...####..#
.##...##.....###..#####
..#..?#.......###>....#
..'...'....$..###.##..#
..#...#.......#...##..#
?##...##.....##.##....#
###...###...##..d#.#.##
# #%..# ########w#.#.#
###...###...## #(#.#.#
.##...##.....###.#.#.#
..#..(#.......#.)..#.#
..'...'.......####.#.#
..#...#.......#...(#.#
.##...##.....##.#(##.#
###...###...##.......#


You could see a worm.

Table legend:
 A = Turns spent in this place as a percentage of turns spent in the entire game.
 B = Non-inter-level travel turns spent in this place as a percentage of non-inter-level travel turns spent in the entire game.
 C = Inter-level travel turns spent in this place as a percentage of turns spent in this place.
 D = Turns resting spent in this place as a percentage of non-inter-level travel turns spent in this place.
 E = Turns spent auto-exploring this place as a percentage of non-inter-level travel turns spent in this place.
 F = Non-inter-level travel turns spent in this place divided by the number of levels of this place that you've seen.
                   A       B       C       D       E      F
               +-------+-------+-------+-------+-------+----------------------
         Total | 100.0 | 100.0 |   0.6 |   3.9 |  13.4 | 385.5
       Dungeon | 100.0 | 100.0 |   0.6 |   3.9 |  13.4 | 385.5
               +-------+-------+-------+-------+-------+----------------------

Table legend:
 A = Kills in this place as a percentage of kills in entire the game.
 B = Kills by you in this place as a percentage of kills by you in the entire game.
 C = Kills by friends in this place as a percentage of kills by friends in the entire game.
 D = Other kills in this place as a percentage of other kills in the entire game.
 E = Experience gained in this place as a percentage of experience gained in the entire game.
 F = Experience gained in this place divided by the number of levels of this place that you have seen.
                   A       B       C       D       E      F
               +-------+-------+-------+-------+-------+----------------------
         Total | 100.0 | 100.0 |  -nan |  -nan | 100.0 |  70.0
       Dungeon | 100.0 | 100.0 |  -nan |  -nan | 100.0 |  70.0
               +-------+-------+-------+-------+-------+----------------------

Vanquished Creatures
  2 adders (D:2)
  A gnoll (D:1)
  2 worms (D:2)
  3 giant geckos (D:2)
  2 oozes (D:2)
  6 bats
  3 giant cockroaches (D:2)
  3 hobgoblins (D:2)
  2 ball pythons
  2 giant newts
  8 goblins
  7 kobolds
  18 rats
59 creatures vanquished.

Notes
Turn   | Place    | Note
--------------------------------------------------------------
     0 | D:1      | gw, the Draconian Fighter, began the quest for the Orb.
     0 | D:1      | Reached XP level 1. HP: 19/19 MP: 1/1
   127 | D:1      | Reached XP level 2. HP: 26/26 MP: 2/2
   274 | D:1      | Reached skill level 1 in Throwing
   907 | D:1      | Reached XP level 3. HP: 31/31 MP: 3/3
  1718 | D:2      | Reached XP level 4. HP: 35/40 MP: 4/4
  2161 | D:2      | Slain by a worm

Action                   |  1- 3 |  4- 6 || total
-------------------------+-------+-------++-------
Melee: Long sword        |    86 |    41 ||   127
Throw: Stone             |    73 |    27 ||   100
  Use: Potion            |     5 |       ||     5
       Scroll            |     6 |       ||     6
  Eat: Chunk             |     3 |     1 ||     4

Vault maps used:
D:1:      erik_arrival_orb_chamber
D:2:      kennysheep_six_static_rooms
